 Dungeon Crawl Stone Soup version 0.24.0-3-g28a8eb0610 (webtiles) character file.

Game seed: 10005421197502336188, levelgen mode: deterministic

52 Acheron the Chopper (level 3, 0/33 HPs)
             Began as a Minotaur Berserker on Nov 1, 2019.
             Was a Follower of Trog.
             Slain by a hobgoblin
             ... wielding a cursed +0 club
              (3 damage)
             ... on level 3 of the Dungeon.
             The game lasted 00:07:08 (1533 turns).

Acheron the Chopper (Minotaur Berserker)            Turns: 1533, Time: 00:07:09

Health: 0/33       AC:  6    Str: 21    XL:     3   Next: 60%
Magic:  2/2        EV: 11    Int:  5    God:    Trog [*.....]
Gold:   81         SH:  0    Dex:  9    Spells: 2/2 levels left

rFire    . . .     SeeInvis .   o - +0 war axe
rCold    . . .     Gourm    .   (no shield)
rNeg     . . .     Faith    .   n - +1 ring mail
rPois    .         Spirit   .   (helmet restricted)
rElec    .         Reflect  .   (no cloak)
rCorr    .         Harm     .   (no gloves)
MR       .....                  (no boots)
Stlth    +.........             (no amulet)
HPRegen  0.11/turn              (no ring)
MPRegen  0.08/turn              (no ring)

@: lethally poisoned (0 -> -2)
A: retaliatory headbutt, horns 2
a: Berserk, Renounce Religion


You were on level 3 of the Dungeon.
You worshipped Trog.
Trog was aware of your devotion.
You were hungry.

You visited 1 branch of the dungeon, and saw 3 of its levels.

You collected 81 gold pieces.

Inventory:

Hand Weapons
 b - a +2 short sword of electrocution
 j - a +0 hunting sling
 o - a +0 war axe (weapon)
Missiles
 d - 43 sling bullets
 e - 2 poisoned darts
 i - 7 atropa-tipped darts (quivered)
 k - 58 stones
Armour
 n - a +1 ring mail (worn)
Jewellery
 h - an uncursed amulet of the gourmand
Scrolls
 f - a scroll of teleportation {unknown}
Comestibles
 a - 3 chunks of flesh
 c - 7 rations


   Skills:
 + Level 4.1 Fighting
 + Level 4.3 Axes
 * Level 1.2 Throwing
 + Level 2.6 Armour
 * Level 2.6 Dodging
 * Level 0.6 Stealth


You had 2 spell levels left.
You didn't know any spells.
Your spell library was empty.

Dungeon Overview and Level Annotations

Branches:
Dungeon (3/15)

Altars:


Innate Abilities, Weirdness & Mutations

You reflexively headbutt those who attack you in melee.
You have a pair of horns on your head.


Message History

e - 2 poisoned darts (gained 1)
* * * LOW HITPOINT WARNING * * *
You feel sick.
There are no items here.
Found a ration.
You aren't carrying any potions.
Okay, then.
A kobold comes into view.
The kobold shouts!
A hobgoblin comes into view. It is wielding a +0 club.
* * * LOW HITPOINT WARNING * * *
You feel sick.
The hobgoblin shouts!
You see here a scroll labeled BOCZYM IMPE.
f - a scroll labeled BOCZYM IMPE A frilled lizard comes into view.
You hit the hobgoblin. Your headbutt misses the hobgoblin.
The hobgoblin is severely wounded.
The hobgoblin hits you with a cursed +0 club.
You die...

## ## #####. .## #. .#
...... ..g ## K ..
#.....# #. #.#g# .#? #
#......##.##....K##K##..
#..............K........
#..%......# #.((...
#.......g#########(#####
.....K.@......().(.#
..............######
..............#
l...##........# ...
#........# .. #........#
. ##########


You could see a hobgoblin, a kobold and a frilled lizard.

Vanquished Creatures
  An adder (D:3)
  An ooze (D:2)
  A worm (D:2)
  A dart slug (D:1)
  A leopard gecko (D:3)
  A ball python (D:1)
  8 bats
  3 giant cockroaches
  5 goblins
  A frilled lizard (D:2)
  4 kobolds
  5 rats
32 creatures vanquished.

Notes
Turn   | Place    | Note
-------+----------+-------------------------------------------
     0 | D:1      | Acheron the Minotaur Berserker began the quest for the Orb.
     0 | D:1      | Reached XP level 1. HP: 19/19 MP: 0/0
   331 | D:1      | Reached XP level 2. HP: 26/27 MP: 1/1
   569 | D:1      | You fall into a shaft and drop 1 floor!
  1149 | D:2      | Reached XP level 3. HP: 33/33 MP: 2/2
  1490 | D:3      | Reached skill level 1 in Throwing
  1533 | D:3      | Slain by a hobgoblin

Levels and vault maps discovered:
D:1:      dpeg_arrival_short_road, layout_basic, minmay_tetromino_i2
D:2:      layout_basic
D:3:      layout_basic, chequers_ecumenical_altar_island, first_ration,
          minmay_ruptured, uniq_crazy_yiuf_cottage

Skill      XL: |  1  2  3 |
---------------+----------+-----
Axes           | 4 |  4.3
Fighting       | 4 |  4.1
Throwing       | 1 |  1.2
Armour         | |  2.6
Dodging        | |  2.6
Stealth        | |  0.6

Action                   || total
-------------------------++-------
Melee: Hand axe          ||    29
       Headbutt          ||     6
       War axe           ||    30
  Use: Scroll            ||     6
  Eat: Chunk             ||     1
Armor: Leather armour    ||     3
       Ring mail         ||    16
Dodge: Dodged            ||    53
